 Dungeon Crawl Stone Soup version 0.21.0-24-g2553a33 (webtiles) character file.

347 tidbits the Charmwright (level 6, -4/51 HPs)
             Began as a Gnoll Skald on Jan 20, 2018.
             Slain by an ogre
             ... wielding a +0 giant club
              (19 damage)
             ... on level 4 of the Dungeon.
             The game lasted 00:05:00 (432 turns).

tidbits the Charmwright (Gnoll Skald)                Turns: 432, Time: 00:05:01

Health: -4/51      AC:  4    Str: 13    XL:     6   Next: 59%
Magic:  11/14      EV: 20    Int: 17    God:
Gold:   39         SH:  0    Dex: 20    Spells: 4/15 levels left

rFire    . . .     SeeInvis .   a - +0 hand axe
rCold    . . .     Gourm    .   (no shield)
rNeg     . . .     Faith    .   B - +1 leather armour {MR+}
rPois    .         Spirit   .   (no helmet)
rElec    .         Reflect  .   (no cloak)
rCorr    +         Harm     .   (no gloves)
MR       +....                  (no boots)
Stlth    +++.......             h - amulet of rage
HPRegen  0.17/turn              f - ring of resist corrosion
MPRegen  0.14/turn              (no ring)

@: agile, berserk cooldown, slowed, very slow
A: distributed training, fangs 1, strong nose
a: Evoke Berserk Rage


You were on level 4 of the Dungeon.
You were not hungry.

You visited 1 branch of the dungeon, and saw 4 of its levels.

You collected 39 gold pieces.

Inventory:

Hand Weapons
 a - a +0 hand axe (weapon)
 k - a +0 dagger
 l - a +0 hunting sling
 p - a +0 flail
Missiles
 g - 2 tomahawks of returning (quivered)
 m - 24 stones
Armour
 e - a +0 ring mail
 B - a +1 leather armour of magic resistance (worn)
   (You took it off an orc on level 3 of the Dungeon)
Jewellery
 f - a ring of resist corrosion (left hand)
   (You found it on level 1 of the Dungeon)
 h - an amulet of rage (around neck)
   (You found it on level 1 of the Dungeon)
Books
 c - a book of Battle

   Spells                             Type                      Level
   a - Infusion                       Charms                       1
   b - Shroud of Golubria             Charms/Translocation         2
   c - Song of Slaying                Charms                       2
   d - Spectral Weapon                Hexes/Charms                 3
   e - Regeneration                   Charms/Necromancy            3
Comestibles
 d - a ration


   Skills:
 + Level 5.0 Fighting
 + Level 2.0 Short Blades
 + Level 2.0 Long Blades
 + Level 5.0 Axes
 + Level 2.0 Maces & Flails
 + Level 2.0 Polearms
 + Level 2.0 Staves
 + Level 2.0 Slings
 + Level 2.0 Bows
 + Level 2.0 Crossbows
 + Level 2.0 Throwing
 + Level 3.2 Armour
 + Level 5.0 Dodging
 + Level 2.0 Stealth
 + Level 2.0 Shields
 + Level 2.0 Unarmed Combat
 + Level 5.4 Spellcasting
 + Level 1.5 Conjurations
 + Level 1.5 Hexes
 + Level 5.6 Charms
 + Level 1.5 Summonings
 + Level 1.5 Necromancy
 + Level 1.5 Translocations
 + Level 1.5 Transmutations
 + Level 1.5 Fire Magic
 + Level 1.5 Ice Magic
 + Level 1.5 Air Magic
 + Level 1.5 Earth Magic
 + Level 1.5 Poison Magic
 + Level 2.2 Invocations
 + Level 2.0 Evocations


You had 4 spell levels left.
You knew the following spells:

 Your Spells              Type           Power        Failure   Level  Hunger
g - Shroud of Golubria    Chrm/Tloc      ###.......   6%          2    #......
i - Infusion              Chrm           ###.         1%          1    None
r - Regeneration          Chrm/Necr      ###.......   12%         3    ##.....
w - Spectral Weapon       Hex/Chrm       ###.....     12%         3    ##.....
y - Song of Slaying       Chrm           ###.....     2%          2    #......


Dungeon Overview and Level Annotations

Branches:
Dungeon (4/15)
 Temple: D:4-7

Altars:


Innate Abilities, Weirdness & Mutations

Your experience applies equally to all skills.
You have very sharp teeth.
Your uncanny sense of smell can sniff out nearby items.


Message History

Your +1 leather armour of magic resistance unmelds from your body.
You feel resistant to hostile enchantments.
The worker ant zombie closely misses you.
It was a potion of agility.
You feel agile all of a sudden. Something hits you but does no damage.
The worker ant zombie barely misses you.
You aren't carrying any potions.
Unknown command.
Casting: Spectral Weapon
Confirm with . or Enter, or press ? or * to list all spells.
You draw out your weapon's spirit!
Something hits you but does no damage. The worker ant zombie bites you.
You fail to use your ability.
The orc wizard hits your spectral weapon but does no damage.
Something hits you.
The worker ant zombie closely misses you.
You fail to use your ability.
The orc wizard hits your spectral weapon with a dagger.
Your spectral weapon shares its damage with you!
* * * LOW HITPOINT WARNING * * *
Something hits you.
* * * LOW HITPOINT WARNING * * *
The worker ant zombie bites you.
* * * LOW HITPOINT WARNING * * *
A red film seems to cover your vision as you go berserk!
You feel yourself moving faster!
You feel mighty!
You feel a lot more hungry.
The orc wizard hits your spectral weapon with a dagger.
Something hits you but does no damage.
The worker ant zombie closely misses you.
You slash the worker ant zombie! You bite the worker ant zombie.
The worker ant zombie is severely damaged.
You hit something.
Your spectral weapon hits the worker ant zombie!
You destroy the worker ant zombie!
Your spectral weapon hits the orc wizard.
Your spectral weapon hits something.
The orc wizard closely misses your spectral weapon.
You hear some strange, mumbled words.
Something tries to affect you, but you resist.
You feel a strong urge to attack something.
The orc wizard hits you with a dagger.
* * * LOW HITPOINT WARNING * * *
Something hits you.
* * * LOW HITPOINT WARNING * * *
Found a scroll of fear.
You hit the orc wizard but do no damage.
You punch the orc wizard!
You kill the orc wizard!
Your Fighting skill increases to level 5!
Your Short Blades skill increases to level 2!
Your Long Blades skill increases to level 2!
Your Axes skill increases to level 5!
Your Maces & Flails skill increases to level 2!
Your Polearms skill increases to level 2!
Your Staves skill increases to level 2!
Your Slings skill increases to level 2!
Your Bows skill increases to level 2!
Your Crossbows skill increases to level 2!
Your Throwing skill increases to level 2!
Your Dodging skill increases to level 5!
Your Stealth skill increases to level 2!
Your Shields skill increases to level 2!
Your Unarmed Combat skill increases to level 2!
Your Evocations skill increases to level 2!
You slash something!
You feel a bit more experienced.
Items here: $ ) [ † a dagger; a robe; 12 gold pieces; an orc corpse You feel a strong urge to attack something.
You are no longer berserk.
You are exhausted.
You feel yourself slow down.
Unknown command.
An ogre comes into view. It is wielding a giant club.
Items here: $ ) [ † a dagger; a robe; 12 gold pieces; an orc corpse You aren't carrying any items that you can evoke.
Unknown command.
You aren't carrying any potions.
Unknown command.
Okay, then.
Throwing (i - inventory. (,) - cycle):
g - 2 tomahawks of returning (quivered)
Press: ? - help, Shift-Dir - straight line, f - ogre
Aim: an ogre, wielding a giant club You throw a tomahawk of returning.
The tomahawk of returning hits the ogre but does no damage.
The tomahawk of returning returns to your pack!
Throwing (i - inventory. (,) - cycle):
g - 2 tomahawks of returning (quivered)
Press: ? - help, Shift-Dir - straight line, f/p - ogre
Aim: an ogre, wielding a giant club You throw a tomahawk of returning.
The tomahawk of returning hits the ogre.
The ogre is lightly wounded.
The tomahawk of returning returns to your pack!
You aren't carrying any potions.
Unknown command.
You now have 39 gold pieces (gained 12).
You hit the ogre but do no damage.
The ogre is lightly wounded.
Your spectral weapon hits the ogre!
The ogre hits you with a giant club!!
You die...

... #+# #..##..#
.......# .....#
....# ∆ # #..# #
.##.###..#######..#
...........().....?
..........@O.......
##+###'####..##...
#...##..# #....#..#
## #....#... ...
#...##..##....
#...######....
#.............
#.....†.......


You could see an ogre and a friendly spectral hand axe.

Vanquished Creatures
  Grinder (D:4)
  3 orc wizards
  A worker ant zombie (D:4)
  An adder (D:2)
  2 worms
  2 dart slugs
  3 orcs (D:3)
  A bat (D:1)
  5 giant cockroaches
  2 hobgoblins (D:1)
  2 kobolds
  A frilled lizard (D:2)
  A goblin (D:2)
  A leopard gecko skeleton (D:4)
  2 rats (D:1)
28 creatures vanquished.

Notes
Turn   | Place    | Note
-------+----------+-------------------------------------------
     0 | D:1      | tidbits the Gnoll Skald began the quest for the Orb.
     0 | D:1      | Reached XP level 1. HP: 20/20 MP: 6/6
    55 | D:1      | Reached XP level 2. HP: 22/26 MP: 1/7
   152 | D:2      | Reached XP level 3. HP: 26/31 MP: 0/9
   157 | D:2      | Learned a level 3 spell: Regeneration
   161 | D:2      | Learned a level 3 spell: Spectral Weapon
   164 | D:2      | Learned a level 2 spell: Song of Slaying
   167 | D:2      | Learned a level 2 spell: Shroud of Golubria
   202 | D:2      | Reached skill level 5 in Spellcasting
   258 | D:3      | Reached skill level 1 in Short Blades
   258 | D:3      | Reached skill level 1 in Long Blades
   258 | D:3      | Reached skill level 1 in Maces & Flails
   258 | D:3      | Reached skill level 1 in Polearms
   258 | D:3      | Reached skill level 1 in Staves
   258 | D:3      | Reached skill level 1 in Slings
   258 | D:3      | Reached skill level 1 in Bows
   258 | D:3      | Reached skill level 1 in Crossbows
   258 | D:3      | Reached skill level 1 in Throwing
   258 | D:3      | Reached skill level 1 in Stealth
   258 | D:3      | Reached skill level 1 in Shields
   258 | D:3      | Reached skill level 1 in Unarmed Combat
   258 | D:3      | Reached skill level 1 in Invocations
   258 | D:3      | Reached skill level 1 in Evocations
   258 | D:3      | Reached XP level 4. HP: 38/38 MP: 7/11
   380 | D:4      | Noticed Grinder
   386 | D:4      | Paralysed by Grinder for 4 turns
   395 | D:4      | Killed Grinder
   395 | D:4      | Reached skill level 3 in Armour
   395 | D:4      | Reached skill level 1 in Conjurations
   395 | D:4      | Reached skill level 1 in Hexes
   395 | D:4      | Reached skill level 1 in Summonings
   395 | D:4      | Reached skill level 1 in Necromancy
   395 | D:4      | Reached skill level 1 in Translocations
   395 | D:4      | Reached skill level 1 in Transmutations
   395 | D:4      | Reached skill level 1 in Fire Magic
   395 | D:4      | Reached skill level 1 in Ice Magic
   395 | D:4      | Reached skill level 1 in Air Magic
   395 | D:4      | Reached skill level 1 in Earth Magic
   395 | D:4      | Reached skill level 1 in Poison Magic
   395 | D:4      | Reached skill level 2 in Invocations
   395 | D:4      | Reached XP level 5. HP: 39/43 MP: 7/12
   395 | D:4      | Reached XP level 6. HP: 46/50 MP: 8/14
   424 | D:4      | Reached skill level 5 in Fighting
   424 | D:4      | Reached skill level 2 in Short Blades
   424 | D:4      | Reached skill level 2 in Long Blades
   424 | D:4      | Reached skill level 5 in Axes
   424 | D:4      | Reached skill level 2 in Maces & Flails
   424 | D:4      | Reached skill level 2 in Polearms
   424 | D:4      | Reached skill level 2 in Staves
   424 | D:4      | Reached skill level 2 in Slings
   424 | D:4      | Reached skill level 2 in Bows
   424 | D:4      | Reached skill level 2 in Crossbows
   424 | D:4      | Reached skill level 2 in Throwing
   424 | D:4      | Reached skill level 5 in Dodging
   424 | D:4      | Reached skill level 2 in Stealth
   424 | D:4      | Reached skill level 2 in Shields
   424 | D:4      | Reached skill level 2 in Unarmed Combat
   424 | D:4      | Reached skill level 2 in Evocations
   432 | D:4      | Slain by an ogre

Skill      XL: |  1  2  3  4  5  6 |
---------------+-------------------+-----
Spellcasting   | 5 |  5.4
Short Blades   | 1 2 |  2.0
Long Blades    | 1 2 |  2.0
Maces & Flails | 1 2 |  2.0
Polearms       | 1 2 |  2.0
Staves         | 1 2 |  2.0
Slings         | 1 2 |  2.0
Bows           | 1 2 |  2.0
Crossbows      | 1 2 |  2.0
Throwing       | 1 2 |  2.0
Stealth        | 1 2 |  2.0
Shields        | 1 2 |  2.0
Unarmed Combat | 1 2 |  2.0
Invocations    | 1 2 |  2.2
Evocations     | 1 2 |  2.0
Armour         | 3 |  3.2
Conjurations   | 1 |  1.5
Hexes          | 1 |  1.5
Summonings     | 1 |  1.5
Necromancy     | 1 |  1.5
Translocations | 1 |  1.5
Transmutations | 1 |  1.5
Fire Magic     | 1 |  1.5
Ice Magic      | 1 |  1.5
Air Magic      | 1 |  1.5
Earth Magic    | 1 |  1.5
Poison Magic   | 1 |  1.5
Fighting       | 5 |  5.0
Axes           | 5 |  5.0
Dodging        | 5 |  5.0
Charms         | |  5.6

Action                   |  1- 3 |  4- 6 || total
-------------------------+-------+-------++-------
Melee: Hand axe          |    29 |    38 ||    67
       Bite              |     3 |     4 ||     7
       Punch             |       |     1 ||     1
Throw: Tomahawk          |       |     2 ||     2
 Cast: Infusion          |     6 |     2 ||     8
       Spectral Weapon   |       |     2 ||     2
 Abil: Evoke Berserk Rag |     2 |     2 ||     4
  Use: Scroll            |     2 |       ||     2
       Potion            |       |     3 ||     3
  Eat: Ration            |       |     1 ||     1
Armor: Leather armour    |     3 |     7 ||    10
       Skin              |       |     8 ||     8
Dodge: Dodged            |    18 |    24 ||    42

Table legend:
 A = Turns spent in this place as a percentage of turns spent in the entire game.
 B = Non-inter-level travel turns spent in this place as a percentage of non-inter-level travel turns spent in the entire game.
 C = Inter-level travel turns spent in this place as a percentage of turns spent in this place.
 D = Turns resting spent in this place as a percentage of non-inter-level travel turns spent in this place.
 E = Turns spent auto-exploring this place as a percentage of non-inter-level travel turns spent in this place.
 F = Non-inter-level travel turns spent in this place divided by the number of levels of this place that you've seen.
                   A       B       C       D       E      F
               +-------+-------+-------+-------+-------+----------------------
         Total | 100.0 | 100.0 |   0.0 |   0.0 |   0.0 | 108.0
       Dungeon | 100.0 | 100.0 |   0.0 |   0.0 |   0.0 | 108.0
               +-------+-------+-------+-------+-------+----------------------

Table legend:
 A = Kills in this place as a percentage of kills in entire the game.
 B = Kills by you in this place as a percentage of kills by you in the entire game.
 C = Kills by friends in this place as a percentage of kills by friends in the entire game.
 D = Other kills in this place as a percentage of other kills in the entire game.
 E = Experience gained in this place as a percentage of experience gained in the entire game.
 F = Experience gained in this place divided by the number of levels of this place that you have seen.
                   A       B       C       D       E      F
               +-------+-------+-------+-------+-------+----------------------
         Total | 100.0 | 100.0 |   N/A |   N/A | 100.0 | 124.0
       Dungeon | 100.0 | 100.0 |   N/A |   N/A | 100.0 | 124.0
               +-------+-------+-------+-------+-------+----------------------

Vault maps used:
D:1:      dpeg_arrival_orchard
D:3:      first_ration, uniq_sigmund
D:4:      temple_pool_b, serial_shops, nicolae_shop_behind_doors, uniq_grinder
